 Dungeon Crawl Stone Soup version 0.32-a0-411-g744942f433 (webtiles) character file.

Game seed: 8017892832091155970

6525 ragingrage the Fighter (level 11, 0/106 HPs)
             Began as a Naga Shapeshifter on Feb 21, 2024.
             Was a Priest of Yredelemnul.
             Slain by a two-headed ogre
             ... wielding a +0 giant club
              (29 damage)
             ... on level 9 of the Dungeon.
             The game lasted 00:16:48 (9124 turns).

ragingrage the Fighter (Naga Shapeshifter)          Turns: 9124, Time: 00:16:49

Health: 0/106      AC:  8    Str: 31    XL:     11   Next: 1%
Magic:  10/15      EV: 10    Int: 10    God:    Yredelemnul [***...]
Gold:   58         SH:  0    Dex: 18    Spells: 10/10 levels left

rFire   . . .        b - +1 short sword (elec)
rCold   . . .        (no shield)
rNeg    + . .        C - +3 leather armour {rN+}
rPois   +            (helmet currently unavailable)
rElec   .            (cloak currently unavailable)
rCorr   .            (gloves currently unavailable)
SInv    +            (no barding)
Will    +....        (no amulet)
Stlth   ++++         v - +6 ring of strength
HPRegen 0.37/turn    p - ring "Worr" {Str+6 Dex+5}
MPRegen 0.14/turn

%: no passive effects
@: beast-form, wreathed by umbra, very slow
A: beast (slay +2), AC +3, large, see invisible, deformed body, poison
resistance, slowness 2, spit poison 1, naga tail 1
a: Spit Poison, Begin Untransformation, Renounce Religion, Light the Black
Torch, Recall Undead Harvest, Hurl Torchlight


You were on level 9 of the Dungeon.
You worshipped Yredelemnul.
Yredelemnul was noncommittal.
You were a hulking beast.
You visited 1 branch of the dungeon, and saw 9 of its levels.

You collected 508 gold pieces.
You spent 450 gold pieces at shops.

Inventory:

Hand Weapons
 a - a +2 dagger of venom
 b - a +1 short sword of electrocution (weapon)
 e - a +1 spear
 j - a +3 scimitar
 l - a +2 scimitar of flaming
 q - a +0 sling
 S - the +2 trident of Daotem {freeze, Int+2}
   (You found it on level 8 of the Dungeon)

   Int+2:     It affects your intelligence (+2).
 U - a +3 trident
Missiles
 f - a throwing net
 o - 40 poisoned darts
 L - 7 boomerangs
 M - a curare-tipped dart
Armour
 h - an orb of guile
 u - a +0 helmet
 C - a +3 leather armour of positive energy (worn)
 J - a +1 pair of gloves
 Q - a +0 cloak
Jewellery
 p - the ring "Worr" (right hand) {Str+6 Dex+5}
   (You took it off an orc on level 5 of the Dungeon)

   [ring of strength]

   Str+6:     It affects your strength (+6).
   Dex+5:     It affects your dexterity (+5).
 v - a +6 ring of strength (left hand)
 G - a ring of willpower
 N - a ring of positive energy
Talismans
 c - a beast talisman (active)
 d - a flux talisman
Wands
 t - a wand of polymorph (7)
 x - a wand of mindburst (19)
 O - a wand of digging (17)
 R - a wand of charming (10)
 W - a wand of iceblast (4)
Scrolls
 i - 3 scrolls of enchant armour
 k - a scroll of revelation {unknown}
 n - a scroll of poison {unknown}
 r - a scroll of enchant weapon
 s - 2 scrolls of identify
 y - 2 scrolls of silence
 A - 3 scrolls of vulnerability
 D - a scroll of torment {unknown}
 E - a scroll of teleportation {unknown}
 P - a scroll of fear {unknown}
 T - a scroll of amnesia {unknown}
Potions
 g - 5 potions of might
 m - 2 potions of haste {unknown}
 w - a potion of degeneration {unknown}
 z - 5 potions of curing
 B - a potion of attraction {unknown}
 F - a potion of mutation {unknown}
 H - 2 potions of resistance
 I - 2 potions of lignification
 K - a potion of enlightenment {unknown}
 V - 2 potions of heal wounds


   Skills:
 + Level 9.5 Fighting
 + Level 9.5 Short Blades
 - Level 3.0 Throwing
 - Level 1.5 Dodging
 - Level 5.0 Stealth
 - Level 5.5 Unarmed Combat
 + Level 5.4 Invocations
 - Level 3.0 Evocations
 - Level 3.5 Shapeshifting


You had 10 spell levels left.
You didn't know any spells.
Your spell library contained the following spells:

 Spells                   Type           Power      Damage    Failure   Level
 Slow                     Hex            0%         N/A       38%         1
 Ensorcelled Hibernation  Hex/Ice        0%         N/A       54%         2
 Lesser Beckoning         Tloc           0%         N/A       54%         2
 Confusing Touch          Hex            0%         N/A       77%         3
 Fugue of the Fallen      Necr           0%         N/A       77%         3
 Gell's Gravitas          Tloc           0%         N/A       77%         3
 Sigil of Binding         Hex            0%         N/A       77%         3
 Teleport Other           Tloc           0%         N/A       77%         3
 Vampiric Draining        Necr           0%         2d6       77%         3
 Anguish                  Hex/Necr       0%         N/A       99%         4
 Summon Forest            Summ/Tloc      0%         N/A       100%        5
 Summon Mana Viper        Hex/Summ       0%         N/A       100%        5
 Summon Cactus Giant      Summ           0%         N/A       100%        6


Dungeon Overview and Level Annotations

Branches:
Dungeon (9/15)             Temple (0/1) D:6            Lair (0/5) D:9
    Orc: D:9-12

Altars:
Cheibriados
Fedhas
Gozag
Qazlal
Ru
Sif Muna
Xom
Yredelemnul
Zin

Shops:
D:4 *   D:9 !

Annotations:
D:5 1 runed translucent door, Crazy Yiuf


Innate Abilities, Weirdness & Mutations

You are a hulking beast.
Your limbs bulge with bestial killing power. (Slay +2)
Your serpentine skin is tough. (AC +3)
You have supernaturally acute eyesight. (SInv)
Armour fits poorly on your strangely shaped body.
Your system is resistant to poisons. (rPois)
You cover ground very slowly.
You can spit poison.
You have a snake-like lower body.


Message History

There is a stone staircase leading down here.
Okay, then.
The two-headed ogre shouts in stereo!
The two-headed ogre hits your killer bee zombie with a +0 giant club!!
Your killer bee zombie is destroyed!
Aiming: Bind Soul (3% risk of failure)
Press: ? - help, Dir - move target, f - two-headed ogre
Aim: a two-headed ogre, wielding two +0 giant clubs (ally target, hp as a bound soul: ~59)
You wrap your dark will around the two-headed ogre's soul!
You can no longer bind living souls.
The two-headed ogre hits your killer bee zombie with a +0 giant club!
The two-headed ogre misses your killer bee zombie.
Your killer bee zombie hits the two-headed ogre.
Your killer bee zombie hits the two-headed ogre but does no damage.
Your killer bee zombie barely misses the two-headed ogre.
The two-headed ogre barely misses your killer bee zombie.
The two-headed ogre hits your killer bee zombie with a +0 giant club!
Your killer bee zombie is destroyed!
The two-headed ogre hits you with a +0 giant club!!
The two-headed ogre completely misses you.
You hit the two-headed ogre.
Lightning courses through the two-headed ogre!
You hit the two-headed ogre.
Your orc wizard zombie barely misses the two-headed ogre.
You barely miss the two-headed ogre.
The two-headed ogre hits you with a +0 giant club!!
* * * LOW HITPOINT WARNING * * *
The two-headed ogre completely misses you.
Your orc wizard zombie barely misses the two-headed ogre.
The two-headed ogre hits your orc wizard zombie with a +0 giant club!!
The two-headed ogre closely misses your orc wizard zombie.
Your gnoll sergeant zombie hits the two-headed ogre.
Your orc wizard zombie hits the two-headed ogre but does no damage.
Your gnoll sergeant zombie hits the two-headed ogre.
The two-headed ogre hits your gnoll sergeant zombie with a +0 giant club!!
Your gnoll sergeant zombie is destroyed!
Your orc wizard zombie hits the two-headed ogre but does no damage.
The two-headed ogre hits you with a +0 giant club!!
You die...
Your body rises from the dead as a mindless zombie.

#### #### ## #..# #..#
#. #..# #..# #. . #..#
#..# #. ... #Z.# #..# #.
....#####Z.####..######.
.......hZZZ>............
....[.OZZ.ZZ........ZZZ.
......######..########ZZ
...... #..# #.Z .....
#..# #.Z .....
#..########Z. ....
.........Z... ....
..............
##..#########.


You could see a two-headed ogre (soul-gripped, ally target), 2 friendly gnoll
zombies, 4 friendly kobold zombies, a friendly orc wizard zombie and a friendly
troll zombie.

Vanquished Creatures
  Erica (D:8)
  Maurice (D:8)
  A troll (D:9)
  A wyvern (D:9)
  A water moccasin (D:7)
  An orc warrior (D:9)
  A sky beast (D:7)
  A centaur (D:7)
  3 phantoms (D:5)
  2 bullfrogs
  2 kobold brigands
  A wyvern zombie (D:5)
  A gnoll sergeant (D:8)
  3 scorpions
  4 wights (D:8)
  3 killer bees
  4 howler monkeys
  A gnoll bouda (D:9)
  3 hounds
  An orc priest (D:4)
  3 bullfrog skeletons (D:5)
  4 iguanas
  Ijyb (D:3)
  Natasha (thrice) (D:2)
  A scorpion zombie (D:5)
  A sleepcap (D:6)
  2 orc wizards (D:9)
  A killer bee zombie (D:5)
  Robin (D:2)
  19 gnolls
  7 adders
  2 shadow imps
  3 white imps
  2 ufetubi (D:8)
  2 ribbon worms (D:2)
  2 dart slugs (D:1)
  9 orcs
  8 bats
  2 endoplasms (D:4)
  2 giant cockroaches
  11 goblins
  15 hobgoblins
  2 jackals (D:1)
  A quokka (D:3)
  8 ball pythons
  3 frilled lizards
  12 kobolds
  3 rats
  A spectral kobold (D:2)
167 creatures vanquished.

Vanquished Creatures (collateral kills)
  Grinder (D:3)
  Grum (D:8)
  Menkaure (D:5)
  A steam dragon (D:8)
  A sky beast (D:6)
  An ice beast (D:7)
  An orc warrior (D:8)
  3 wolves (D:8)
  A centaur (D:9)
  2 phantoms
  A kobold brigand (D:6)
  A gnoll sergeant (D:9)
  A scorpion (D:6)
  A wight (D:8)
  A water moccasin zombie (D:5)
  4 killer bees
  A howler monkey (D:6)
  A centaur zombie (D:5)
  A bullfrog zombie (D:5)
  4 hounds
  2 orc priests (D:6)
  A quasit (D:8)
  A bullfrog skeleton (D:5)
  6 orc wizards
  4 gnolls (D:9)
  4 adders
  2 shadow imps
  A white imp (D:5)
  2 dart slugs
  15 orcs
  A ball python (D:3)
  A giant cockroach (D:3)
  3 goblins (D:3)
  3 hobgoblins
  2 quokkas (D:3)
  2 bats (D:3)
  11 kobolds
  4 rats (D:3)
  A butterfly (D:6)
95 creatures vanquished.

Vanquished Creatures (others)
  2 killer bee zombies (D:9)
  2 hound zombies (D:5)
  A howler monkey zombie (D:7)
  2 iguana zombies (D:5)
  A spectral white imp (D:5)
  4 adder zombies
  A bat zombie (D:3)
  3 gnoll zombies
  A ball python zombie (D:3)
  A frilled lizard zombie (D:3)
  A giant cockroach zombie (D:3)
  2 goblin zombies
  2 hobgoblin zombies
  2 kobold zombies
  11 orc zombies
  A rat zombie (D:3)
37 creatures vanquished.

Grand Total: 299 creatures vanquished

Notes
Turn   | Place    | Note
-------+----------+-------------------------------------------
     0 | D:1      | ragingrage the Naga Shapeshifter began the quest for the
                  | Orb.
     0 | D:1      | Reached XP level 1. HP: 18/18 MP: 1/1
    74 | D:1      | Reached skill level 1 in Stealth
    86 | D:1      | Reached XP level 2. HP: 14/25 MP: 2/2
   290 | D:1      | Reached XP level 3. HP: 31/31 MP: 3/3
   893 | D:2      | Reached XP level 4. HP: 32/38 MP: 4/4
   991 | D:2      | Noticed Natasha
  1057 | D:2      | Killed Natasha
  1058 | D:2      | Reached XP level 5. HP: 42/44 MP: 5/5
  1070 | D:2      | Reached skill level 5 in Unarmed Combat
  1199 | D:2      | Noticed Natasha
  1210 | D:2      | Killed Natasha
  1765 | D:2      | Noticed Natasha
  2004 | D:2      | Found a faded altar of an unknown god.
  2237 | D:2      | Killed Natasha
  2238 | D:2      | Reached skill level 1 in Short Blades
  2238 | D:2      | Reached XP level 6. HP: 49/51 MP: 6/6
  2269 | D:2      | Prayed at the altar of an unknown god.
  2269 | D:2      | Became a worshipper of Yredelemnul the Fallen
  2269 | D:2      | Reached * piety under Yredelemnul
  2456 | D:3      | Noticed Robin
  2465 | D:2      | Killed Robin
  2595 | D:3      | Noticed Ijyb
  2609 | D:3      | Killed Ijyb
  2653 | D:3      | Reached ** piety under Yredelemnul
  2656 | D:3      | Noticed Grinder
  2685 | D:3      | HP: 2/51 [Grinder (6)]
  2688 | D:3      | Killed Grinder
  2689 | D:3      | Reached XP level 7. HP: 3/57 MP: 3/8
  3256 | D:4      | Found Aqudghodyn's General Store.
  3526 | D:4      | Found a shimmering altar of Xom.
  3822 | D:4      | Found a sacrificial altar of Ru.
  3829 | D:4      | Found a stormy altar of Qazlal.
  4054 | D:4      | Bought a potion of curing for 42 gold pieces
  4250 | D:4      | Found a shimmering blue altar of Sif Muna.
  4531 | D:5      | Entered Level 5 of the Dungeon
  4570 | D:5      | Reached XP level 8. HP: 37/69 MP: 10/10
  4581 | D:5      | Reached skill level 5 in Short Blades
  4614 | D:5      | Noticed Menkaure
  4622 | D:5      | Killed Menkaure
  4643 | D:5      | Identified the ring "Worr" {Str+6 Dex+5}
  4677 | D:5      | Reached skill level 5 in Stealth
  4816 | D:5      | Found a runed translucent door.
  4817 | D:5      | Noticed Crazy Yiuf
  4926 | D:5      | Reached skill level 5 in Fighting
  4939 | D:5      | Reached XP level 9. HP: 6/81 MP: 11/11
  5375 | D:6      | Found a staircase to the Ecumenical Temple.
  5424 | D:6      | Reached *** piety under Yredelemnul
  6584 | D:7      | Reached skill level 1 in Throwing
  6584 | D:7      | Reached XP level 10. HP: 97/97 MP: 12/12
  7062 | D:7      | Found a glowing silver altar of Zin.
  7089 | D:7      | Found an opulent altar of Gozag.
  7234 | D:8      | Noticed Grum
  7247 | D:8      | Killed Grum
  7263 | D:8      | Reached skill level 1 in Evocations
  7313 | D:8      | Noticed Maurice
  7319 | D:8      | Killed Maurice
  7602 | D:8      | Noticed Erica
  7606 | D:8      | Killed Erica
  7879 | D:8      | Identified the +2 trident of Daotem {freeze, Int+2}
  7945 | D:8      | Found a snail-covered altar of Cheibriados.
  8479 | D:9      | Reached **** piety under Yredelemnul
  8512 | D:9      | Found Wiafruh's Distillery.
  8520 | D:9      | Bought 2 potions of heal wounds for 170 gold pieces
  8520 | D:9      | Bought a potion of might for 68 gold pieces
  8520 | D:9      | Bought a potion of resistance for 170 gold pieces
  8648 | D:9      | Found a staircase to the Lair.
  8695 | D:9      | Reached skill level 5 in Invocations
  8913 | D:9      | Found a blossoming altar of Fedhas.
  8916 | D:9      | Reached XP level 11. HP: 54/106 MP: 10/15
  9111 | D:9      | Noticed a two-headed ogre
  9124 | D:9      | Slain by a two-headed ogre

Illustrated notes

Levels and vault maps discovered:
D:1:      dpeg_cavernosity, layout_basic, minmay_tetromino_s2
D:2:      layout_loops_ring, dreamdust_ecumenical_altar_drowned_temple,
          uniq_natasha
D:3:      layout_basic, uniq_ijyb, uniq_grinder, uniq_robin
D:4:      layout_loops_corners, nicolae_overflow_quartered_altars, serial_shops,
          nicolae_shop_just_a_little_nook, hangedman_decor_clover_reticule
D:5:      layout_rooms, serial_undead, serial_undead_b, serial_undead_c,
          serial_undead_d, serial_undead_b, chequers_serial_rivers_large_a,
          uniq_menkaure, uniq_crazy_yiuf_cottage
D:6:      layout_layer_cave, minmay_temple_entry_butterflies
D:7:      layout_loops_ring, pdpol_temple_overflow_zin_treasury_gozag_greed
D:8:      layout_loops_corners, cheibriados_altar_1, serial_demonic,
          serial_demonic_g, serial_demonic_g, serial_demonic_c,
          serial_demonic_d, minmay_misc_feat_pillars, uniq_erica, uniq_maurice,
          uniq_grum
D:9:      layout_small_grid, nicolae_overflow_crystal_walls, lair_entry_dummy,
          serial_shops, shop

Skill      XL: |  1  2  3  4  5  6  7  8  9 10 |
---------------+-------------------------------+-----
Stealth        | 1 2 3 4 5 |  5.0
Unarmed Combat | 4 5 |  5.5
Short Blades   | 1 4 7 8 9 |  9.5
Invocations    | 2 3 5 |  5.4
Fighting       | 3 5 8 9 |  9.5
Throwing       | 1 3 |  3.0
Evocations     | 3 |  3.0
Dodging        | |  1.5
Shapeshifting  | |  3.5

Action                     |  1- 3 |  4- 6 |  7- 9 | 10-12 || total
---------------------------+-------+-------+-------+-------++-------
  Melee: Unarmed           |    72 |    51 |       |       ||   123
         Punch             |     4 |     2 |       |       ||     6
         Short sword       |       |    59 |   242 |   168 ||   469
         Dagger            |       |       |     5 |     8 ||    13
   Fire: Sling             |       |     1 |       |       ||     1
  Throw: Throwing net      |       |       |     1 |       ||     1
 Invoke: Light the Black T |       |     2 |     4 |     2 ||     8
         Hurl Torchlight   |       |     1 |     3 |     5 ||     9
         Recall Undead Har |       |       |       |     1 ||     1
         Bind Soul         |       |       |       |     1 ||     1
Ability: Spit Poison       |     9 |    17 |     2 |       ||    28
  Evoke: Wand              |       |       |       |     2 ||     2
    Use: Scroll            |       |     3 |     2 |       ||     5
         Potion            |       |       |     1 |       ||     1
   Stab: Sleeping          |     6 |     2 |     4 |     4 ||    16
         Held in net/web   |       |       |     1 |       ||     1
         Distracted        |       |       |       |     2 ||     2
 Armour: Animal skin       |    52 |    72 |     5 |       ||   129
         Skin              |       |     7 |       |       ||     7
         Leather armour    |       |       |   181 |   100 ||   281
  Dodge: Dodged            |    35 |    77 |   130 |    99 ||   341

Table legend: (Time is in decaauts)
 A = Elapsed time spent in this place.
 B = Non-inter-level travel time spent in this place.
 C = Inter-level travel time spent in this place.
 D = Time resting spent in this place.
 E = Time spent auto-exploring this place.
 F = Levels seen in this place.
 G = Mean time per level.
                   A        B        C        D        E       F      G
               +--------+--------+--------+--------+--------+-----+--------+
         Total |  11087 |  10533 |    554 |   1839 |   6319 |   9 | 1231.9 |
       Dungeon |  11087 |  10533 |    554 |   1839 |   6319 |   9 | 1231.9 |
               +--------+--------+--------+--------+--------+-----+--------+

Top non-repeatable levels by time:
     D:2: 1746 daAuts
     D:4: 1631 daAuts
     D:8: 1535 daAuts
     D:1: 1246 daAuts
     D:6: 1240 daAuts
     D:7: 1041 daAuts
     D:5: 940 daAuts
     D:3: 910 daAuts
     D:9: 794 daAuts
